AoeStats
← Mhafiki

Arena

506767165Analyzed
1v1 RM · 17d ago on Sep 15, 2026· 31m 31s· 2 players
Game mode
Random Map
Map size
Tiny (2 player)
Population
200
Speed
Normal
Resources
Standard
Victory
Conquest
Starting age
Dark Age
Ending age
Imperial Age
RankedLock teamsTeams togetherTeam positionsShared explorationLock speedFull tech treeHidden civsTurbo modeCheats
Victory
Defeat
🇺🇸 Turks · United States
1140
+15
🇨🇱 Khmer · Chile
1124
-15
Cisco Beats
9:54 Feudal Age
13:37 Castle Age
11:58 Double-Bit Axe
12:45 Loom
19:38 Horse Collar
22:23 Wheelbarrow
21:52 Town Watch
22:55 Heavy Plow
22:57 Gold Mining
23:42 Bloodlines
24:03 Scale Barding Armor
24:34 Forging
24:58 Husbandry
25:48 Chain Barding Armor
25:05 Light Cavalry
Mhafiki
13:01 Feudal Age
16:53 Castle Age
14:46 Double-Bit Axe
15:14 Gold Mining
21:41 Imperial Age
19:28 Padded Archer Armor
22:12 Leather Archer Armor
Connection lost

Rejoining the realm…

Still unreachable

The connection could not be restored.

Session expired

The server has moved on; the page needs a fresh start.